MLB
CHICAGO WHITE SOX @ BOSTON RED SOX
04/21/2099
 
TOP OF THE 1ST
Chicago White Sox batting - Pitching for Boston Red Sox : LHP Joe Carver
Pitching: LHP Joe Carver
Batting: RHB Luis Marquina 0-0: Foul Ball, location: 2F
0-1: Foul Ball, location: 2F
0-2: Ball
1-2: Strikes out looking
Batting: RHB Joey Aimone 0-0: Called Strike
0-1: Ball
1-1: Ball
2-1: Fly out, F8 (Flyball, 78M, EV 87.5 MPH)
Batting: LHB Dan Roos 0-0: Ball
1-0: Ball
2-0: SINGLE (Groundball, 4MS, EV 65.6 MPH) (infield hit)
Batting: LHB Josh Densmore 0-0: Ball
1-0: Called Strike
1-1: Swinging Strike
1-2: Strikes out swinging
Top of the 1st over - 0 runs, 1 hit, 0 errors, 1 left on base; Chicago 0 - Boston 0
BOTTOM OF THE 1ST
Boston Red Sox batting - Pitching for Chicago White Sox : LHP Jason Payne
Pitching: LHP Jason Payne
Batting: RHB Nate Campbell 0-0: Swinging Strike
0-1: Foul Ball, location: 5F
0-2: Ball
1-2: Foul Ball, location: 2F
1-2: Ball
2-2: Foul Ball, location: 3DF
2-2: SINGLE (Groundball, 6MD, EV 103.1 MPH)
Batting: LHB Michael Lindstrom 0-0: Called Strike
0-1: Foul Ball, location: 5FF
0-2: Foul Ball, location: 3F
0-2: Ball
1-2: Foul Ball, location: 2F
1-2: Strikes out swinging
Batting: SHB Alex Salazar 0-0: Foul Ball, location: 5DF
0-1: Swinging Strike
0-2: Ball
1-2: Ball
2-2: Ball
3-2: Foul Ball, location: 7LMF
3-2: Hit by Pitch
Nate Campbell to second
Batting: RHB Joe Fowler 0-0: Foul Ball, location: 2F
0-1: Foul Ball, location: 5FF
0-2: Ball
1-2: Strikes out looking
Batting: SHB Tyler Den Hartog 0-0: Foul Ball, location: 2F
0-1: Ball
1-1: Swinging Strike
1-2: Ball
2-2: Ball
3-2: Strikes out looking
Bottom of the 1st over - 0 runs, 1 hit, 0 errors, 2 left on base; Chicago 0 - Boston 0
TOP OF THE 2ND
Chicago White Sox batting - Pitching for Boston Red Sox : LHP Joe Carver
Batting: RHB Butch Arnett 0-0: Ball
1-0: Called Strike
1-1: Ball
2-1: Foul Ball, location: 3F
2-2: Ground out 6-3 (Groundball, 56, EV 105.6 MPH)
Batting: RHB Cory Gilmore 0-0: Swinging Strike
0-1: Fly out, F4 (Popup, 4MS, EV 72.5 MPH)
Batting: LHB Kenny Helm 0-0: Foul Ball, location: 5F
0-1: Ground out 4-3 (Groundball, 4, EV 98.8 MPH)
Top of the 2nd over - 0 runs, 0 hits, 0 errors, 0 left on base; Chicago 0 - Boston 0
BOTTOM OF THE 2ND
Boston Red Sox batting - Pitching for Chicago White Sox : LHP Jason Payne
Pitching: RHP Jeremy Merenda
Batting: LHB Chris Kautz 0-0: Called Strike
0-1: Swinging Strike
0-2: Strikes out swinging
Batting: LHB Sergio Mejia 0-0: Called Strike
0-1: Called Strike
0-2: Strikes out swinging
Batting: LHB Marquise Woods 0-0: Called Strike
0-1: Ball
1-1: SINGLE (Line Drive, 89S, EV 96.3 MPH)
Batting: RHB Matt Palmer 0-0: DOUBLE (Flyball, 9LD, EV 111.3 MPH)
Marquise Woods to third
Batting: RHB Nate Campbell 0-0: Called Strike
0-1: Fly out, F7 (Flyball, 7LSF, EV 84.4 MPH)
Bottom of the 2nd over - 0 runs, 2 hits, 0 errors, 2 left on base; Chicago 0 - Boston 0
TOP OF THE 3RD
Chicago White Sox batting - Pitching for Boston Red Sox : LHP Joe Carver
Batting: RHB Brian Jones 0-0: Swinging Strike
0-1: Ball
1-1: SINGLE (Groundball, 5S, EV 68.8 MPH) (infield hit)
Batting: SHB Jeremy Nussbaum 0-0: Grounds into double play, 6-4-3 (Groundball, 6, EV 84.4 MPH)
Batting: RHB Luis Marquina 0-0: Called Strike
0-1: Ball
1-1: Foul Ball, location: 5F
1-2: Ball
2-2: Foul Ball, location: 2F
2-2: Ground out 6-3 (Groundball, 6MS, EV 83.1 MPH)
Top of the 3rd over - 0 runs, 1 hit, 0 errors, 0 left on base; Chicago 0 - Boston 0
BOTTOM OF THE 3RD
Boston Red Sox batting - Pitching for Chicago White Sox : RHP Jeremy Merenda
Batting: LHB Michael Lindstrom 0-0: Ball
1-0: Ground out U3 (Groundball, 34S, EV 94.4 MPH)
Batting: SHB Alex Salazar 0-0: Swinging Strike
0-1: Swinging Strike
0-2: Ball
1-2: Ball
2-2: Foul Ball, location: 3FF
2-2: Ball
3-2: Foul Ball, location: 23FF
3-2: Ground out 4-3 (Groundball, 4M, EV 84.4 MPH)
Batting: RHB Joe Fowler 0-0: Called Strike
0-1: SINGLE (Line Drive, 7S, EV 101.9 MPH)
Batting: SHB Tyler Den Hartog 0-0: Ball
1-0: Called Strike
1-1: Ball
2-1: Ball
3-1: Called Strike
3-2: Strikes out looking
Bottom of the 3rd over - 0 runs, 1 hit, 0 errors, 1 left on base; Chicago 0 - Boston 0
TOP OF THE 4TH
Chicago White Sox batting - Pitching for Boston Red Sox : LHP Joe Carver
Batting: RHB Joey Aimone 0-0: Called Strike
0-1: Swinging Strike
0-2: Ball
1-2: Strikes out swinging
Batting: LHB Dan Roos 0-0: Ball
1-0: Ball
2-0: Foul Ball, location: 7LMF
2-1: Ground out U3 (Groundball, 3L, EV 109.4 MPH)
Batting: LHB Josh Densmore 0-0: Called Strike
0-1: Foul Ball, location: 2F
0-2: Ball
1-2: Strikes out looking
Top of the 4th over - 0 runs, 0 hits, 0 errors, 0 left on base; Chicago 0 - Boston 0
BOTTOM OF THE 4TH
Boston Red Sox batting - Pitching for Chicago White Sox : RHP Jeremy Merenda
Batting: LHB Chris Kautz 0-0: Called Strike
0-1: Foul Ball, location: 2F
0-2: Ball
1-2: Foul Ball, location: 3FF
1-2: Strikes out swinging
Batting: LHB Sergio Mejia 0-0: Ball
1-0: Called Strike
1-1: Foul Ball, location: 23FF
1-2: Ball
2-2: Foul Ball, location: 7LSF
2-2: Ball
3-2: SINGLE (Line Drive, 89M, EV 91.3 MPH)
Pitching: RHP Keith Dragisic
Batting: LHB Marquise Woods 0-0: Called Strike
0-1: Swinging Strike
0-2: Ball
1-2: Strikes out swinging
Batting: RHB Matt Palmer 0-0: Called Strike
0-1: Fielders Choice at 2nd, U6 (Groundball, 6M, EV 99.4 MPH)
Bottom of the 4th over - 0 runs, 1 hit, 0 errors, 1 left on base; Chicago 0 - Boston 0
TOP OF THE 5TH
Chicago White Sox batting - Pitching for Boston Red Sox : LHP Joe Carver
Batting: RHB Butch Arnett 0-0: Called Strike
0-1: Fly out, F7 (Flyball, 7, EV 98.8 MPH)
Batting: RHB Cory Gilmore 0-0: SINGLE (Groundball, 4MD, EV 100.6 MPH)
Batting: LHB Kenny Helm 0-0: Ball
1-0: Ball
2-0: Called Strike
2-1: Ball
3-1: Fly out, F7 (Flyball, 78D, EV 94.4 MPH)
Batting: RHB Brian Jones 0-0: Called Strike
0-1: Ball
1-1: Ground out 6-3 (Groundball, 6MS, EV 70.0 MPH)
Top of the 5th over - 0 runs, 1 hit, 0 errors, 1 left on base; Chicago 0 - Boston 0
BOTTOM OF THE 5TH
Boston Red Sox batting - Pitching for Chicago White Sox : RHP Keith Dragisic
Batting: RHB Nate Campbell 0-0: Ball
1-0: Called Strike
1-1: DOUBLE (Line Drive, 3D, EV 93.8 MPH)
Batting: LHB Michael Lindstrom 0-0: Called Strike
0-1: Ball
1-1: 2-RUN HOME RUN (Flyball, 9LD, EV 99.4 MPH), Distance : 374 ft
Batting: SHB Alex Salazar 0-0: Ball
1-0: Ball
2-0: Swinging Strike
2-1: Called Strike
2-2: Strikes out swinging
Batting: RHB Joe Fowler 0-0: Ball
1-0: Ball
2-0: Ball
3-0: Base on Balls
Batting: SHB Tyler Den Hartog 0-0: Ball
1-0: Swinging Strike
1-1: Ball
2-1: Called Strike
2-2: Fly out, F8 (Flyball, 78M, EV 85.0 MPH)
Batting: LHB Chris Kautz 0-0: Ball
1-0: Called Strike
1-1: Foul Ball, location: 3F
1-2: 2-RUN HOME RUN (Flyball, 7LD, EV 91.3 MPH), Distance : 342 ft
Pitching: RHP Tony Wallace
Batting: LHB Sergio Mejia 0-0: Called Strike
0-1: Ball
1-1: Ball
2-1: Called Strike
2-2: Foul Ball, location: 3F
2-2: Ball
3-2: Foul Ball, location: 5DF
3-2: Ground out 4-3 (Groundball, 4, EV 98.1 MPH)
Bottom of the 5th over - 4 runs, 3 hits, 0 errors, 0 left on base; Chicago 0 - Boston 4
TOP OF THE 6TH
Chicago White Sox batting - Pitching for Boston Red Sox : LHP Joe Carver
Batting: SHB Jeremy Nussbaum 0-0: Ball
1-0: Ground out 6-3 (Groundball, 6, EV 81.9 MPH)
Batting: RHB Luis Marquina 0-0: Foul Ball, location: 3F
0-1: Ball
1-1: Called Strike
1-2: Strikes out looking
Batting: RHB Joey Aimone 0-0: Ball
1-0: Ball
2-0: Called Strike
2-1: Fly out, F8 (Flyball, 8LS, EV 85.0 MPH)
Top of the 6th over - 0 runs, 0 hits, 0 errors, 0 left on base; Chicago 0 - Boston 4
BOTTOM OF THE 6TH
Boston Red Sox batting - Pitching for Chicago White Sox : RHP Tony Wallace
Batting: LHB Marquise Woods 0-0: Ball
1-0: Ball
2-0: Called Strike
2-1: Foul Ball, location: 2F
2-2: Fly out, F5 (Popup, 25F, EV 83.8 MPH)
Batting: RHB Matt Palmer 0-0: Ground out 5-3 (Groundball, 15, EV 86.9 MPH)
Batting: RHB Nate Campbell 0-0: Ball
1-0: Ball
2-0: Ball
3-0: Called Strike
3-1: Ground out 5-3 (Groundball, 56, EV 110.6 MPH)
Bottom of the 6th over - 0 runs, 0 hits, 0 errors, 0 left on base; Chicago 0 - Boston 4
TOP OF THE 7TH
Chicago White Sox batting - Pitching for Boston Red Sox : LHP Joe Carver
Batting: LHB Dan Roos 0-0: Ball
1-0: Foul Ball, location: 2F
1-1: Ball
2-1: Fly out, F8 (Flyball, 8RXD, EV 93.1 MPH)
Batting: LHB Josh Densmore 0-0: Called Strike
0-1: Swinging Strike
0-2: Strikes out swinging
Batting: RHB Butch Arnett 0-0: Fly out, F8 (Flyball, 8LM, EV 78.8 MPH)
Top of the 7th over - 0 runs, 0 hits, 0 errors, 0 left on base; Chicago 0 - Boston 4
BOTTOM OF THE 7TH
Boston Red Sox batting - Pitching for Chicago White Sox : RHP Tony Wallace
Pitching: LHP Domingo Tamayo
Batting: LHB Michael Lindstrom 0-0: Called Strike
0-1: SOLO HOME RUN (Flyball, 89XD, EV 108.1 MPH), Distance : 445 ft
Batting: SHB Alex Salazar 0-0: Ball
1-0: Fly out, F9 (Flyball, 9, EV 96.9 MPH)
Batting: RHB Joe Fowler 0-0: Called Strike
0-1: Ball
1-1: Swinging Strike
1-2: Strikes out swinging
Batting: SHB Tyler Den Hartog 0-0: Ball
1-0: Called Strike
1-1: Called Strike
1-2: Ball
2-2: Ball
3-2: Strikes out looking
Bottom of the 7th over - 1 run, 1 hit, 0 errors, 0 left on base; Chicago 0 - Boston 5
TOP OF THE 8TH
Chicago White Sox batting - Pitching for Boston Red Sox : LHP Joe Carver
Batting: RHB Cory Gilmore 0-0: Called Strike
0-1: Ball
1-1: SOLO HOME RUN (Flyball, 78XD, EV 102.5 MPH), Distance : 427 ft
Batting: LHB Kenny Helm 0-0: Ball
1-0: Ball
2-0: Called Strike
2-1: Called Strike
2-2: Fly out, F6 (Line Drive, 6, EV 64.4 MPH)
Batting: RHB Brian Jones 0-0: Ball
1-0: Ball
2-0: Ball
3-0: Base on Balls
Pitching: LHP William Stuck
Batting: SHB Jeremy Nussbaum 0-0: Ball
1-0: Ball
2-0: Ball
3-0: Called Strike
3-1: Grounds into double play, 6-4-3 (Groundball, 6, EV 95.6 MPH)
Top of the 8th over - 1 run, 1 hit, 0 errors, 0 left on base; Chicago 1 - Boston 5
BOTTOM OF THE 8TH
Boston Red Sox batting - Pitching for Chicago White Sox : LHP Domingo Tamayo
Batting: LHB Chris Kautz 0-0: Fly out, F8 (Flyball, 8RS, EV 92.5 MPH)
Batting: LHB Sergio Mejia 0-0: Foul Ball, location: 25FF
0-1: Ball
1-1: Ball
2-1: Called Strike
2-2: Strikes out swinging
Batting: LHB Marquise Woods 0-0: Called Strike
0-1: Ball
1-1: Ball
2-1: Foul Ball, location: 2F
2-2: Ball
3-2: Strikes out looking
Bottom of the 8th over - 0 runs, 0 hits, 0 errors, 0 left on base; Chicago 1 - Boston 5
TOP OF THE 9TH
Chicago White Sox batting - Pitching for Boston Red Sox : LHP William Stuck
Batting: RHB Luis Marquina 0-0: Ball
1-0: Foul Ball, location: 3SF
1-1: Ball
2-1: Foul Ball, location: 3F
2-2: Foul Ball, location: 9LDF
2-2: Ground out 4-3 (Groundball, 4M, EV 83.1 MPH)
Batting: RHB Joey Aimone 0-0: Foul Ball, location: 2F
0-1: Foul Ball, location: 2F
0-2: Ball
1-2: DOUBLE (Flyball, 8LXD, EV 100.0 MPH)
Batting: LHB Dan Roos 0-0: Foul Ball, location: 2F
0-1: Called Strike
0-2: Ball
1-2: Foul Ball, location: 9LMF
1-2: Strikes out looking
Batting: LHB Josh Densmore 0-0: Called Strike
0-1: Called Strike
0-2: Ball
1-2: Foul Ball, location: 7LSF
1-2: Ball
2-2: Foul Ball, location: 7LSF
2-2: Foul Ball, location: 5F
2-2: DOUBLE (Flyball, 89XD, EV 104.4 MPH)
Joey Aimone scores
Pitching: RHP Danny Urista
Now at C: Tom Dudley
Now at 2B: Matt Palmer
Now at 3B: Nate Campbell
Now at SS: Ed Pollock
Now in LF: Chris Kautz
Now in CF: Chris Rodriguez
Now in RF: Marquise Woods
Batting: RHB Butch Arnett 0-0: Ball
1-0: Ground out 4-3 (Groundball, 34D, EV 97.5 MPH)
Top of the 9th over - 1 run, 2 hits, 0 errors, 1 left on base; Chicago 2 - Boston 5
Saturday, May 4th , 2024 - OOTP Baseball 24.11 Build 85